 Dungeon Crawl Stone Soup version 0.31-a0-1338-gb567cfdca4 (webtiles) character file.

Game seed: 192282398250106514

115 IdlyInterested the Changeling (level 4, 0/35 HPs)
             Began as a Demonspawn Shapeshifter on Dec 21, 2023.
             Slain by Grinder (5 damage)
             ... on level 3 of the Dungeon.
             The game lasted 00:08:01 (1918 turns).

IdlyInterested the Changeling (DsSh)                Turns: 1918, Time: 00:08:02

Health: 0/35       AC: 12    Str: 14    XL:     4   Next: 68%
Magic:  4/4        EV:  6    Int: 22    God:
Gold:   58         SH:  4    Dex: 15    Spells: 3/3 levels left

rFire   . .          .
                       - Unarmed
rCold   . . .        y - +0 buckler
rNeg    . . .        r - +0 storm dragon scales
rPois   .            (helmet currently unavailable)
rElec   +            (cloak currently unavailable)
rCorr   .            u - melded +0 pair of gloves
SInv    .            (boots currently unavailable)
Will    .....        (no amulet) Stlth
                     e - +6 ring of intelligence
HPRegen 0.25/turn    n - +6 ring of intelligence
MPRegen 0.09/turn

%: no passive effects
@: beast-form
A: beast (slay +2), yellow scales 1
a: Begin Untransformation


You were on level 3 of the Dungeon.
You were a hulking beast.
You visited 1 branch of the dungeon, and saw 3 of its levels.

You collected 58 gold pieces.

Inventory:

Hand Weapons
 f - a +0 short sword
 s - a +1 war axe
Missiles
 a - 3 poisoned darts
 g - 20 stones (quivered)
Armour
 r - +0 storm dragon scales (worn)
 u - a +0 pair of gloves (melded)
 y - a +0 buckler (worn)
Jewellery
 e - a +6 ring of intelligence (left hand)
 n - a +6 ring of intelligence (right hand)
 v - a +6 ring of intelligence
Talismans
 c - a beast talisman (active)
 d - a flux talisman
Scrolls
 h - a scroll of enchant weapon
 i - a scroll of amnesia {unknown}
 j - a scroll of fog {unknown}
 k - 2 scrolls of blinking
 l - a scroll of revelation
 m - a scroll of noise {unknown}
 q - a scroll of immolation
 z - a scroll of teleportation
Potions
 b - a potion of lignification
 o - a potion of mutation {unknown}
 p - 4 potions of curing
 t - a potion of magic {unknown}
 x - a potion of might {unknown}


   Skills:
 - Level 3.0 Fighting
 * Level 1.7 Dodging
 - Level 3.0 Unarmed Combat
 + Level 3.8 Shapeshifting


You had 3 spell levels left.
You didn't know any spells.
Your spell library contained the following spells:

 Spells                   Type           Power      Damage    Failure   Level
 Jinxbite                 Hex            0%         N/A       100%        2
 Yara's Violent Unravell  Hex/Alch       0%         3d3       100%        5
 Enfeeble                 Hex            0%         N/A       100%        7


Dungeon Overview and Level Annotations

Branches:
Dungeon (3/15)

Altars:

Shops:
D:2 ?

Annotations:
D:3 Grinder


Innate Abilities, Weirdness & Mutations

You are a hulking beast.
Your limbs bulge with bestial killing power. (Slay +2)
You are partially covered in yellow scales. (AC +2)


Message History

You hit Grinder.
Grinder is lightly wounded.
You barely miss Grinder.
Grinder is lightly wounded.
Grinder gestures at you. You resist with significant effort.
You closely miss Grinder.
Grinder is lightly wounded.
Grinder barely misses you.
You hit Grinder.
Grinder is lightly wounded.
Grinder gestures at you. Pain shoots through your body!
You closely miss Grinder.
Grinder is lightly wounded.
Grinder sighs, "No one appreciates my work."
Grinder hits you.
You writhe in agony.
You hit Grinder.
Grinder is moderately wounded.
Grinder hits you.
You writhe in agony.
* * * LOW HITPOINT WARNING * * *
You hit Grinder.
Grinder is heavily wounded.
Grinder hits you but does no damage.
You hit Grinder but do no damage.
Grinder is heavily wounded.
Grinder blinks!
You hit Grinder.
Grinder is heavily wounded.
Grinder hits you but does no damage.
You hit Grinder.
Grinder is severely wounded.
Grinder hits you but does no damage.
You hit Grinder.
Grinder is severely wounded.
Grinder hits you!
* * * LOW HITPOINT WARNING * * *
You writhe in agony.
You die...
Grinder sighs, "Dead already?
I want a refund."

,,,**,*,******,,,,,* *,**
,*,,,,*,* #.#**** *,,*
#######.#### #.# **,*
#######+#### #.# *,*
######.[.#####.##### *^*
#####.....##....,..# *,**
####.......#.#.##..# *,,*
###..........#.#.5.#####******,,,
..+.............h.......,,,,,,,,,
###..........#.......###******,,,
####.......#.####..#.# **,,*
#####.....##.#***#.#,# *,,**
######...###..,,,,.#,* *,**
#######+#######***##,* *,*
#######.#### *,* *,* #######.####
*******,* *,* #######.####
*,,,,,,,* *,*


You could see Grinder.

Vanquished Creatures
  Natasha (twice) (D:2)
  A gnoll (D:2)
  2 worms (D:2)
  3 dart slugs
  2 giant cockroaches
  10 goblins
  A hobgoblin (D:1)
  4 jackals (D:1)
  A quokka (D:2)
  5 ball pythons
  7 bats
  2 frilled lizards
  2 kobolds (D:1)
  3 rats
45 creatures vanquished.

Notes
Turn   | Place    | Note
-------+----------+-------------------------------------------
     0 | D:1      | IdlyInterested the Demonspawn Shapeshifter began the quest
                  | for the Orb.
     0 | D:1      | Reached XP level 1. HP: 15/15 MP: 1/1
   184 | D:1      | Gained mutation: You are partially covered in yellow
                  | scales. (AC +2) [demonic ancestry]
   184 | D:1      | Reached XP level 2. HP: 18/22 MP: 2/2
   527 | D:1      | Reached XP level 3. HP: 28/28 MP: 3/3
   980 | D:2      | Found Zapumoti's Magic Scroll Shoppe.
  1206 | D:2      | Noticed Natasha
  1218 | D:2      | Killed Natasha
  1351 | D:2      | Reached XP level 4. HP: 35/35 MP: 4/4
  1598 | D:2      | Noticed Natasha
  1648 | D:2      | Killed Natasha
  1900 | D:3      | Noticed Grinder
  1918 | D:3      | Slain by Grinder

Illustrated notes

Levels and vault maps discovered:
D:1:      amcnicky_arrival_abandoned_market, layout_basic,
          hangedman_abyss_or_decor_lesser_grid, minmay_tetromino_s2
D:2:      layout_basic, serial_shops, shop, minmay_3d_cube, uniq_natasha
D:3:      layout_loops_corners, riverfiend_overflow_shadow_ancestor,
          basic_ecumenical_altar, uniq_ijyb, uniq_grinder

Skill      XL: |  1  2  3  4 |
---------------+-------------+-----
Fighting       | 2 3 |  3.0
Shapeshifting  | 3 |  3.8
Unarmed Combat | 3 |  3.0
Dodging        | |  1.7

Action                     |  1- 3 |  4- 6 || total
---------------------------+-------+-------++-------
  Melee: Unarmed           |   115 |    60 ||   175
         Punch             |     3 |     1 ||     4
    Use: Scroll            |       |     5 ||     5
         Potion            |       |     1 ||     1
 Armour: Animal skin       |    42 |       ||    42
         Storm dragon scal |    30 |    60 ||    90
  Dodge: Dodged            |    65 |    13 ||    78
   Form: Beast             |     1 |       ||     1
         Flux              |     1 |       ||     1

Table legend: (Time is in decaauts)
 A = Elapsed time spent in this place.
 B = Non-inter-level travel time spent in this place.
 C = Inter-level travel time spent in this place.
 D = Time resting spent in this place.
 E = Time spent auto-exploring this place.
 F = Levels seen in this place.
 G = Mean time per level.
                   A        B        C        D        E       F      G
               +--------+--------+--------+--------+--------+-----+--------+
         Total |   1907 |   1812 |     95 |    186 |    942 |   3 |  635.7 |
       Dungeon |   1907 |   1812 |     95 |    186 |    942 |   3 |  635.7 |
               +--------+--------+--------+--------+--------+-----+--------+

Top non-repeatable levels by time:
     D:1: 998 daAuts
     D:2: 872 daAuts
     D:3: 36 daAuts
